 Dungeon Crawl Stone Soup version 0.27-a0-1281-ge233d83751 (webtiles) character file.

Game seed: 12266662848092390324

138 Azzok the Chopper (level 5, 38/41 HPs)
             Began as a Demonspawn Berserker on June 13, 2021.
             Was a Believer of Trog.
             Quit the game on level 3 of the Dungeon.
             The game lasted 00:02:19 (3291 turns).

Azzok the Chopper (Demonspawn Berserker)            Turns: 3291, Time: 00:02:19

Health: 38/41      AC: 11    Str: 18    XL:     5   Next: 1%
Magic:  5/5        EV:  7    Int:  9    God:    Trog [**....]
Gold:   87         SH:  5    Dex: 12    Spells: 4/4 levels left

rFire    . . .     SeeInvis .   a - +0 hand axe
rCold    . . .     Faith    .   (no shield)
rNeg     . . .     Spirit   .   d - +0 chain mail
rPois    .         Reflect  +   (no helmet)
rElec    .         Harm     .   (no cloak)
rCorr    .         Rampage  .   (no gloves)
Will     .....                  (no boots)
Stlth    ..........             e - amulet of reflection
HPRegen  0.13/turn              (no ring)
MPRegen  0.09/turn              (no ring)

@: no status effects
A: molten scales 2, spiny 1
a: Renounce Religion, Berserk, Trog's Hand


You were on level 3 of the Dungeon.
You worshipped Trog.
Trog was pleased with you.
You visited 1 branch of the dungeon, and saw 3 of its levels.

You collected 87 gold pieces.

Inventory:

Hand Weapons
 a - a +0 hand axe (weapon)
Armour
 d - a +0 chain mail (worn)
Jewellery
 e - an amulet of reflection (around neck)
 k - an amulet of faith
Scrolls
 c - a scroll of enchant weapon {unknown}
 i - 2 scrolls of identify {unknown}
 j - 2 scrolls of fog {unknown}
Potions
 b - a potion of curing {unknown}
 f - a potion of berserk rage {unknown}
 g - a potion of might {unknown}
 h - 2 potions of heal wounds {unknown}


   Skills:
 - Level 3.0 Fighting
 + Level 5.2 Axes
 - Level 1.7 Armour
 - Level 1.7 Dodging


You had 4 spell levels left.
You didn't know any spells.
Your spell library was empty.

Dungeon Overview and Level Annotations

Branches:
Dungeon (3/15)

Altars:


Innate Abilities, Weirdness & Mutations

You are mostly covered in molten scales. (AC +3)
You are partially covered in sharp spines.


Message History

Trog accepts your kill. The hound zombie barely misses you.
The hound zombie bites you but does no damage.
Your Axes skill increases to level 5!
You hit the hound zombie.
The hound zombie is almost destroyed.
The hound zombie bites you but does no damage. x2
You closely miss the hound zombie.
The hound zombie is almost destroyed.
The hound zombie bites you but does no damage. x2
You hit the hound zombie.
You destroy the hound zombie!
Trog accepts your kill.
A giant cockroach comes into view.
There is an escape hatch in the ceiling here.
Things that are here:
a +0 dagger; a goblin corpse You closely miss the giant cockroach.
The giant cockroach closely misses you.
You slash the giant cockroach!
You kill the giant cockroach!
Trog accepts your kill.
You feel yourself speed up.
Things that are here:
a giant cockroach corpse; a jackal corpse You recover from your berserk rage.
An orc comes into view. It is wielding a +0 short sword.
An orc is nearby!
The orc shouts!
You hear a shout!
An orc and an orc wizard come into view.
The orc wizard shouts!
The orc shouts!
The orc hits you with a +0 short sword.
An orc priest comes into view. It is wielding a +0 short sword.
The orc priest shouts!
You slash the orc!
You kill the orc!
Trog accepts your kill.
You have reached level 5!
Your demonic ancestry asserts itself...
Sharp spines emerge from parts of your body.
Are you sure you want to abandon this character and quit the game? (Confirm with "yes".)

▒··▒···▒▒···········
··<†···▒▒·········▒
··†···············▒
··†···············▒
··················▒
················!·▒
··················▒▒▒·▒
·▒····················▒
················@···▒▒▒
········▒·······)·▒·▒
·····▒▒········▒·▒ ···
▒▒·······▒ ▒ ▒▒▒▒▒····
▒oo··· ▒··o·· ▒······


You could see an orc priest, an orc wizard and an orc.

Vanquished Creatures
  A jelly (D:2)
  2 hound zombies (D:3)
  An adder (D:2)
  A worm (D:2)
  3 dart slugs
  An orc (D:3)
  6 endoplasms
  2 giant cockroaches
  4 goblins
  8 hobgoblins
  12 jackals
  2 ball pythons (D:2)
  2 bats (D:1)
  2 frilled lizards
  3 kobolds (D:2)
  4 rats
54 creatures vanquished.

Notes
Turn   | Place    | Note
-------+----------+-------------------------------------------
     0 | D:1      | Azzok the Demonspawn Berserker began the quest for the Orb.
     0 | D:1      | Reached XP level 1. HP: 18/18 MP: 1/1
    46 | D:1      | Found a faded altar of an unknown god.
   162 | D:1      | Reached skill level 3 in Axes
   277 | D:1      | Gained mutation: You are partially covered in molten
                  | scales. (AC +2) [demonic ancestry]
   277 | D:1      | Reached XP level 2. HP: 16/24 MP: 2/2
  1342 | D:1      | Reached XP level 3. HP: 28/29 MP: 3/3
  1692 | D:2      | Reached skill level 4 in Axes
  2225 | D:2      | Gained mutation: You are mostly covered in molten scales.
                  | (AC +3) [demonic ancestry]
  2225 | D:2      | Reached XP level 4. HP: 4/35 MP: 4/4
  3185 | D:3      | Reached ** piety under Trog
  3194 | D:3      | Reached skill level 5 in Axes
  3291 | D:3      | Gained mutation: You are partially covered in sharp spines.
                  | [demonic ancestry]
  3291 | D:3      | Reached XP level 5. HP: 38/41 MP: 5/5
  3291 | D:3      | Quit the game

Illustrated notes

Levels and vault maps discovered:
D:1:      sevenhm_arrival_forest_fort_small_3, layout_basic, serial_aquarium,
          aquarium_bridge_island_small [aquarium_subvault_small_open,
          aquarium_subvault_bridge, aquarium_subvault_wall,
          aquarium_subvault_wall, aquarium_subvault_bridge],
          aquarium_bridge_long_separate [aquarium_subvault_bridge,
          aquarium_subvault_wall, aquarium_subvault_bridge,
          aquarium_subvault_wall, aquarium_subvault_bridge,
          aquarium_subvault_balcony], aquarium_window_corridor_1,
          aquarium_window_1, aquarium_view_2c, aquarium_balcony_1a,
          ebering_ecumenical_altar_ruins, nrook_mini_vaults
D:2:      layout_basic, guppyfry_early_lair_pool
D:3:      layout_rooms, minitemple

Skill      XL: |  1  2  3  4 |
---------------+-------------+-----
Axes           | 3 4 5 |  5.2
Fighting       | |  3.0
Armour         | |  1.7
Dodging        | |  1.7

Action                   |  1- 3 |  4- 6 || total
-------------------------+-------+-------++-------
Melee: Hand axe          |   147 |    31 ||   178
Invok: Berserk           |     3 |     1 ||     4
Armor: Animal skin       |     6 |       ||     6
       Chain mail        |    69 |    27 ||    96
Dodge: Dodged            |    58 |    21 ||    79
Block: Other             |    25 |     7 ||    32
       Reflection        |     1 |       ||     1

Table legend: (Time is in decaauts)
 A = Elapsed time spent in this place.
 B = Non-inter-level travel time spent in this place.
 C = Inter-level travel time spent in this place.
 D = Time resting spent in this place.
 E = Time spent auto-exploring this place.
 F = Levels seen in this place.
 G = Mean time per level.
                   A        B        C        D        E       F      G
               +--------+--------+--------+--------+--------+-----+--------+
         Total |   3343 |   3280 |     63 |    285 |   2558 |   3 | 1114.3 |
       Dungeon |   3343 |   3280 |     63 |    285 |   2558 |   3 | 1114.3 |
               +--------+--------+--------+--------+--------+-----+--------+

Top non-repeatable levels by time:
     D:1: 1695 daAuts
     D:2: 1518 daAuts
     D:3: 130 daAuts
